 Dungeon Crawl Stone Soup version 0.17-a0-1504-gb7d9117 (webtiles) character file.

91 Cryogen the Cudgeler (level 4, -8/39 HPs)
             Began as a Minotaur Fighter on July 7, 2015.
             Engulfed by a cloud of flame (23 damage)
             ... on level 2 of the Dungeon.
             The game lasted 00:07:10 (1408 turns).

Cryogen the Cudgeler (Minotaur Fighter)             Turns: 1408, Time: 00:07:10

Health: -8/39      AC:  6    Str: 20    XL:     4   Next: 33%
Magic:  3/3        EV:  7    Int:  5    God:
Gold:   95         SH:  9    Dex: 11    Spells: 0 memorised, 3 levels left

rFire  . . .     SeeInvis .     a - +0 flail
rCold  . . .     Clarity  .     b - +0 scale mail
rNeg   . . .     SustAt   .     c - +0 shield
rPois  .         Gourm    .     (helmet restricted)
rElec  .         Spirit   .     (no cloak)
rCorr  .         Warding  .     (no gloves)
rMut   .         Stasis   .     (no boots)
MR     .....                    (no amulet)
Stlth  ..........               (no ring)
                                (no ring)

@: not resistant to hostile enchantments, extremely unstealthy
A: retaliatory headbutt, horns 2
a: no special abilities


You were on level 2 of the Dungeon.
You were hungry.

You visited 1 branch of the dungeon, and saw 2 of its levels.

You collected 95 gold pieces.

Inventory:

Hand weapons
 a - a +0 flail (weapon)
Armour
 b - a +0 scale mail (worn)
 c - a +0 shield (worn)
Magical devices
 n - a wand of slowing (31)
Scrolls
 k - a scroll of immolation {unknown}
 l - 2 scrolls of remove curse {unknown}
 m - 2 scrolls of noise {unknown}
 o - a scroll of recharging {unknown}
Potions
 d - 2 potions of might
 f - a potion of curing
 g - a potion of flight {unknown}
 i - a potion of ambrosia {unknown}
Comestibles
 e - a bread ration
 h - a beef jerky
 j - 4 fruits


   Skills:
 - Level 3.6 Fighting
 + Level 5.6 Maces & Flails
 - Level 3.6 Armour
 - Level 3.6 Shields


You had 3 spell levels left.
You didn't know any spells.

Dungeon Overview and Level Annotations

Branches:
Dungeon (2/15)

Altars:


Innate Abilities, Weirdness & Mutations

You reflexively headbutt those who attack you in melee.
You have a pair of horns on your head.


Message History

Found a stone staircase leading down.
There is a stone staircase leading down here.
You see here 12 sling bullets.
Found an escape hatch in the floor.
A bat comes into view.
The bat closely misses you. You block the bat's attack.
You closely miss the bat. You block the bat's attack.
You block the bat's attack.
You closely miss the bat. You block the bat's attack.
The bat hits you but does no damage. x2
You closely miss the bat. The bat closely misses you. The bat hits you.
The bat barely misses you. You furiously retaliate!
You headbutt the bat!
You kill the bat!
There is an escape hatch in the floor here.
Really walk into a travel-excluded area?
You are engulfed in roaring flames.
Ouch! That really hurt!
You are engulfed in roaring flames.
Ouch! That really hurt!
You die...

########## ##........#
#...#####.#######
#§§§# #.......# #§§@#
#######.# #§§§# #..#
#.#
#####...#####...###.##
.§§§.....§.§.........#
..§§.$.$.
§§.###.##..###
######.§§§.....§
#........
#.....#####...##
#.##..### ##....##
#§§§# ...##..# #..#..#
#.§§# #........#


There were no monsters in sight!

Vanquished Creatures
  Robin (D:2)
  3 adders (D:2)
  2 worms (D:2)
  A giant gecko (D:2)
  15 goblins
  3 hobgoblins
  4 jackals (D:1)
  4 kobolds
  A quokka (D:2)
  6 bats
  A giant cockroach (D:1)
  2 giant newts (D:1)
  3 rats (D:1)
46 creatures vanquished.

Notes
Turn   | Place    | Note
--------------------------------------------------------------
     0 | D:1      | Cryogen the Minotaur Fighter began the quest for the Orb.
     0 | D:1      | Reached XP level 1. HP: 19/19 MP: 0/0
   411 | D:1      | Reached XP level 2. HP: 21/26 MP: 1/1
   690 | D:2      | Reached skill level 4 in Maces & Flails
   694 | D:2      | Reached XP level 3. HP: 19/31 MP: 2/2
   772 | D:2      | Noticed Robin
   797 | D:2      | Killed Robin
   801 | D:2      | Reached skill level 5 in Maces & Flails
   810 | D:2      | HP: 1/31 [goblin[Robin] (2)]
  1108 | D:2      | Reached XP level 4. HP: 32/39 MP: 3/3
  1408 | D:2      | Engulfed by a cloud of flame

Vault maps used:
D:1:      minmay_arrival_cross
D:2:      lemuel_flame_loot_1, uniq_robin

Action                   |  1- 3 |  4- 6 || total
-------------------------+-------+-------++-------
Melee: Flail             |    94 |    23 ||   117
  Use: Potion            |       |     1 ||     1
  Eat: Fruit             |       |     1 ||     1
